Map: Year Zero LE

Players

Zest

  • Race: Protoss Protoss
  • Spawn Location: 1:00

Stats - Winner!

  • Race: Protoss Protoss
  • Spawn Location: 11:00

Event: IEM Season 13: Katowice (2019)

VOD

Have the link to the VOD?

Description

Time

  • Played on: Feb. 28, 2019, 9:16 a.m.
  • Length: 11:01

All games in this series

Show
View Real Time Build Order
Export as new Build Order

Zest Protoss 

Build Orders:  

Get SALT Encoding   

  12  0:00  Probe  
  13  0:12  Probe  
  14  0:18  Pylon  
  14  0:24  Probe  
  15  0:32  Probe  
  15  0:38  Gateway  
  15  0:40  Probe  
  16  0:46  Assimilator  
  17  0:51  Probe  
  17  0:55  Assimilator  
  18  0:59  Probe  
  19  1:08  Probe  
  19  1:09  Gateway  
  19  1:17  Probe  
  20  1:25  Cybernetics Core  
  21  1:29  Probe  
  22  1:35  Pylon  
  22  1:41  Probe  
  23  1:53  Sentry, Probe  
  24  2:01  Stalker  
  24  2:02  Warp Gate  
  28  2:13  Pylon  
  30  2:35  Nexus  
  28  2:44  Robotics Facility  
  28  2:48  Sentry  
  30  2:54  Sentry  
  31  3:02  Gateway  
  31  3:12  Shield Battery  
  31  3:19  Immortal  
  35  3:55  Stalker x2  
  39  3:57  Stalker  
  40  4:16  Warp Prism  
  38  4:19  Probe  
  38  4:28  Sentry x2  
  38  4:29  Zealot  
  38  4:31  Probe  
  46  4:52  Pylon  
  46  5:00  Immortal  
  46  5:10  Probe  
  51  5:24  Stalker  
  51  5:27  Probe  
  54  5:32  Pylon  
  54  5:37  Probe  
  53  5:45  Pylon  
  53  5:46  Probe x2  
  54  5:55  Probe  
  55  5:58  Probe  
  55  6:02  Observer  
  58  6:04  Pylon  
  58  6:09  Zealot  
  58  6:10  Probe  
  61  6:15  Zealot  
  60  6:31  Stalker  
  62  6:50  Nexus  
  62  7:02  Probe  
  63  7:16  Pylon  
  63  7:32  Forge  
  63  7:34  Probe  
  64  7:38  Protoss Ground Weapons Level 1  
  64  7:43  Immortal  
  64  7:46  Probe  
  65  7:58  Probe, Pylon  
  70  8:03  Probe  
  71  8:10  Probe  
  72  8:13  Immortal  
  72  8:18  Pylon  
  76  8:29  Probe x2  
  78  8:40  Twilight Council  
  78  8:42  Probe  
  78  8:43  Probe  
  78  8:46  Assimilator  
  78  8:47  Assimilator  
  80  8:54  Stalker  
  80  8:55  Stalker  
  84  9:17  Charge  
  84  9:18  Templar Archives  
  84  9:20  Gateway  
  84  9:26  Photon Cannon  
  84  9:27  Photon Cannon  
  84  9:39  Photon Cannon  
  84  9:42  Photon Cannon  
  84  9:49  Photon Cannon  
  84  9:55  High Templar x2  
  84  9:57  High Templar  
  90  10:00  Archon  
  90  10:16  Gateway  
  90  10:17  Gateway  
  90  10:20  Pylon  
  90  10:21  High Templar  
  79  10:29  High Templar x2  
  79  10:35  Archon  
  65  10:38  Adept  
Show
View Real Time Build Order
Export as new Build Order

Stats Protoss - Winner!

Build Orders:  

Get SALT Encoding   

  12  0:00  Probe  
  13  0:12  Probe  
  14  0:18  Pylon  
  14  0:24  Probe  
  15  0:32  Probe  
  15  0:38  Gateway  
  15  0:40  Probe  
  16  0:47  Assimilator  
  17  0:50  Probe  
  17  0:56  Assimilator  
  18  0:58  Probe  
  19  1:07  Probe  
  20  1:15  Gateway  
  20  1:17  Probe  
  20  1:25  Cybernetics Core  
  21  1:29  Probe  
  22  1:38  Pylon  
  22  1:41  Probe  
  24  2:01  Adept x2  
  24  2:02  Warp Gate  
  24  2:08  Robotics Facility  
  27  2:30  Pylon  
  27  2:31  Stalker x2  
  31  2:45  Gateway  
  31  2:48  Immortal  
  35  3:09  Pylon  
  35  3:14  Shield Battery  
  35  3:18  Warp Prism  
  37  3:51  Stalker x3  
  43  4:03  Pylon  
  41  4:23  Stalker x3  
  47  4:30  Observer  
  46  4:51  Nexus  
  46  5:09  Immortal  
  50  5:21  Sentry x3  
  50  5:23  Probe  
  50  5:28  Pylon  
  55  5:46  Probe  
  55  5:48  Pylon  
  56  5:58  Probe  
  57  6:10  Probe  
  58  6:13  Stalker x3  
  64  6:23  Probe x2  
  60  6:29  Twilight Council  
  60  6:39  Stalker  
  63  6:41  Adept  
  63  6:42  Adept  
  63  6:46  Shield Battery  
  66  6:50  Shield Battery  
  66  6:53  Pylon  
  64  7:02  Zealot  
  64  7:06  Zealot  
  66  7:12  Resonating Glaives  
  64  7:24  Stalker x2  
  68  7:43  Adept  
  68  7:52  Adept x2  
  68  7:54  Probe x2  
  68  7:57  Pylon  
  74  8:01  Gateway  
  74  8:02  Probe x2  
  74  8:04  Gateway  
  74  8:10  Probe x2  
  76  8:14  Phoenix  
  78  8:20  Probe, Robotics Facility  
  78  8:21  Probe  
  80  8:35  Adept x3  
  86  8:44  Gateway  
  86  8:45  Pylon  
  86  8:51  Pylon  
  86  8:52  Pylon  
  86  9:11  Adept x5  
  96  9:24  Pylon  
  96  9:33  Adept x2  
  96  9:34  Adept  
  102  9:42  Adept x3  
  108  9:49  Pylon  
  108  9:51  Pylon  
  108  10:05  Adept x5  
  118  10:09  Adept  
  112  10:34  Adept x2  
  98  10:35  Adept  
  98  10:36  Adept  
  98  10:39  Adept x2  

Tags
 
Add a new tag
Caveats
  • Supply blocks, unpowered buildings, or Contaminate may cause inaccurate times.
  • Supply counts are checked every 10 seconds.